 Dungeon Crawl Stone Soup version 0.14.2-1-g46dc7f8a84 (console) character file.

211 casual the Slasher (level 5, -1/40 HPs)
             Began as a Demonspawn Gladiator on Sept 29, 2020.
             Killed from afar by Sigmund (2 damage)
             ... with a wand of flame
             ... on Level 3 of the Dungeon.
             The game lasted 00:03:32 (3426 turns).

casual the Slasher (Demonspawn Gladiator)           Turns: 3426, Time: 00:03:32

HP  -1/40        AC  9     Str 16      XL: 5   Next:  0%
MP   5/5         EV  8     Int 15      God:
Gold 74          SH  0     Dex 13      Spells:  0 memorised,  4 levels left

rFire  + . .     SeeInvis .     a - +0 long sword
rCold  + . .     Clarity  .     A - +0 chain mail
rNeg   . . .     Conserve .     (no shield)
rPois  +         rCorr    .     c - +0 helmet
rElec  +         rRot     .     (no cloak)
SustAb . .       Spirit   .     (no gloves)
rMut   .         Warding  .     (no boots)
Saprov . . .     Stasis   .     (no amulet)
MR     .....                    (no ring)
                                (no ring)

@: brilliant, not resistant to hostile enchantments, extremely unstealthy
A: repulsion field 1, nightstalker 1, poison resistance
a: no special abilities


You were on level 3 of the Dungeon.
You were hungry.

You visited 1 branch of the dungeon, and saw 3 of its levels.

You collected 74 gold pieces.

Inventory:

Hand weapons
 a - a +0,+0 long sword (weapon)
Missiles
 d - 5 throwing nets (quivered)
 x - 52 stones
 y - 30 darts
Armour
 b - a +0 leather armour
 c - a +0 helmet (worn)
 A - a +0 chain mail (worn)
Magical devices
 s - a wand of digging (11)
Comestibles
 f - 2 bread rations
 h - an apple
 m - a meat ration
 n - 2 rambutans
 t - a choko
 w - 2 pears
Scrolls
 g - 3 scrolls of remove curse {unknown}
 j - 2 scrolls of identify {unknown}
 o - a scroll of noise {unknown}
 r - a scroll of blinking {unknown}
 v - a scroll of amnesia {unknown}
 z - a scroll of enchant weapon II {unknown}


   Skills:
 + Level 2.8 Fighting
 * Level 3.7 Long Blades
 - Level 1.7 Throwing
 + Level 1.9 Armour
 + Level 3.3 Dodging


You had 4 spell levels left.
You didn't know any spells.

Dungeon Overview and Level Annotations

Branches:
Dungeon (3/15)

Altars:
Trog

Annotations:
D:3 Sigmund


Innate Abilities, Weirdness & Mutations

You are surrounded by a mild repulsion field (EV +2).
You are slightly more attuned to the shadows.
Your system is resistant to poisons.


Message History

You regained 9 hp, and now have 13/40 hp.
You closely miss something. Something hits you but does no damage.
You closely miss something.
You hear a zap.
The puff of flame hits you! You resist.
* * * LOW HITPOINT WARNING * * *
You take 1 damage, and have 12/40 hp.
You hit something.
You hear some strange, mumbled words.
The puff of flame hits you! You resist.
Your scroll labeled LISIBIXZECK catches fire!
* * * LOW HITPOINT WARNING * * *
You take 2 damage, and have 10/40 hp.
You closely miss something. Something hits you!
* * * LOW HITPOINT WARNING * * *
You take 9 damage, and have 1/40 hp.
MASSIVE DAMAGE!!
You barely miss something.
You hear a zap.
The puff of flame hits you! You resist.
You die...

· ··▒▒··▒ ··▒▒··▒
···▒▒··▒▒ ········
▒·▒▒▒▒▒·▒▒··▒▒▒ ·
··············· ···
······{@·····▒▒▒▒▒·▒·▒
·▒·▒▒▒▒▒·▒▒·····▒▒·▒·▒·
·········)···▒····(···
·▒▒·········▒·▒▒·▒·▒▒·
··<··················
····················· ·
······················
▒·······▒▒·▒▒··▒▒·▒·▒▒▒▒▒·
▒··▒·· ······▒▒·▒·▒▒▒▒▒·


There were no monsters in sight!

Vanquished Creatures
  4 gnolls (D:2)
  2 adders (D:2)
  A giant mite (D:2)
  A worm (D:3)
  A giant gecko (D:2)
  2 oozes (D:2)
  4 giant cockroaches
  9 goblins
  9 hobgoblins
  4 jackals (D:1)
  7 bats
  4 giant newts (D:2)
  11 kobolds
  8 rats
67 creatures vanquished.

Notes
Turn   | Place    | Note
--------------------------------------------------------------
     0 | D:1      | casual, the Demonspawn Gladiator, began the quest for the Orb.
     0 | D:1      | Reached XP level 1. HP: 16/16 MP: 1/1
   359 | D:1      | Gained mutation: You are surrounded by a mild repulsion field (EV +2). [demonic ancestry]
   359 | D:1      | Reached XP level 2. HP: 12/22 MP: 2/2
   541 | D:1      | Reached skill level 3 in Long Blades
   946 | D:2      | Reached skill level 1 in Armour
   973 | D:2      | Gained mutation: You are slightly more attuned to the shadows. [demonic ancestry]
   973 | D:2      | Reached XP level 3. HP: 15/28 MP: 3/3
  1884 | D:2      | Reached XP level 4. HP: 15/34 MP: 4/4
  2259 | D:2      | Found a bloodstained altar of Trog.
  3109 | D:2      | Found a bloodstained altar of Trog.
  3402 | D:3      | Noticed Sigmund
  3407 | D:3      | Reached XP level 5. HP: 35/40 MP: 5/5
  3418 | D:3      | Gained mutation: Your system is resistant to poisons. [potion of beneficial mutation]
  3425 | D:3      | HP: 1/40 [something (9)]
  3426 | D:3      | Killed from afar by Sigmund

Action                   |  1- 3 |  4- 6 || total
-------------------------+-------+-------++-------
Melee: Long sword        |   155 |    71 ||   226
Evoke: Wand              |     1 |       ||     1
  Use: Potion            |       |     6 ||     6
